 Dungeon Sprint DCSS version 0.30-a0-800-g7c544603b3 (webtiles) character file.

Game seed: 11057702014837984821

56088 rocky1 the Slayer (level 14, -9/177 HPs)
             Began as a Gargoyle Fighter on Feb 22, 2023.
             Was an Initiate of Gozag.
             Killed from afar by an ironbound frostheart (15 damage)
             ... by creeping frost
             ... in the Dungeon (Sprint IX: "|||||||||||||||||||||||||||||").
             The game lasted 00:16:56 (5096 turns).

rocky1 the Slayer (Gargoyle Fighter)                Turns: 5096, Time: 00:16:57

Health: -9/177     AC: 27    Str: 23    XL:     14   Next: 80%
Magic:  14/14      EV: 12    Int:  9    God:    Gozag
Gold:   5139       SH: 24    Dex: 11    Spells: 13/13 levels left

rFire   + + .      SeeInvis .    n - +2 morningstar of Lust {flame, rCorr}
rCold   + . .      Faith    .    C - +1 tower shield
rNeg    + . .      Spirit   .    a - +2 scale mail {rF+}
rPois   ∞          Reflect  +    p - +0 helmet
rElec   +          Harm     .    o - +0 cloak
rCorr   +          Rampage  .    F - +1 pair of gloves
Will    +....      NoTele   +    G - +1 pair of boots Stlth
                                 b - amulet of reflection
HPRegen 0.49/turn                f - ring of protection from fire
MPRegen 0.14/turn                x - ring of protection from cold

@: berserking, marked, corroded, flying, very quick
A: sickness immunity, AC +10, big wings, negative energy resistance 1,
electricity resistance, torment resistance 1, petrification resistance
a: Renounce Religion, Potion Petition, Call Merchant, Bribe Branch


You were in the Dungeon.
You worshipped Gozag.
Gozag was greatly pleased with you.
You visited 1 branch You collected 16494 gold pieces.
You spent 2036 gold pieces at shops.
You paid 9319 gold pieces to Gozag.

Inventory:

Hand Weapons
 n - the +2 morningstar of Lust (weapon) {flame, rCorr}
   (You found it in the Dungeon)

   rCorr:     It protects you from acid and corrosion.
Armour
 a - a +2 scale mail of fire resistance (worn)
 c - a +0 buckler
 o - a +0 cloak (worn)
 p - a +0 helmet (worn)
 u - a +0 pair of gloves
 C - a +1 tower shield (worn)
 D - a +3 chain mail
 E - a +1 chain mail of cold resistance
 F - a +1 pair of gloves (worn)
 G - a +1 pair of boots (worn)
Jewellery
 b - an amulet of reflection (around neck)
 f - a ring of protection from fire (left hand)
 m - a ring of positive energy
 x - a ring of protection from cold (right hand)
 y - a ring of fire
 B - a ring of see invisible
Scrolls
 i - a scroll of immolation
 k - 6 scrolls of enchant weapon
 l - 2 scrolls of amnesia
 t - 10 scrolls of enchant armour
Potions
 d - 2 potions of might
 e - 7 potions of curing
 g - 4 potions of mutation
 h - 4 potions of magic
 r - a potion of brilliance
 v - 2 potions of resistance
 w - a potion of attraction
 z - a potion of lignification
 A - a potion of invisibility


   Skills:
 * Level 25.4 Fighting
 + Level 22.3 Maces & Flails
 + Level 16.4 Armour
 + Level 9.4 Dodging
 - Level 11.7 Stealth
 + Level 16.2 Shields
 + Level 4.4 Evocations


You had 13 spell levels left.
You didn't know any spells.
Your spell library was empty.

Dungeon Overview and Level Annotations

Branches:
Dungeon (1/1)

Altars:
Cheibriados
Dithmenos
Elyvilon
Fedhas
Gozag
Hepliaklqana
Kikubaaqudgha
Makhleb
Nemelex Xobeh
Okawaru
Qazlal
Ru
Sif Muna
Trog
Uskayaw
Vehumet
Wu Jian
Xom
Yredelemnul
Zin
The Shining One
Jiyva
Lugonu

Shops:
D (=!([((


Innate Abilities, Weirdness & Mutations

You are immune to sickness and miasma.
Your stone body is resilient. (AC +10)
You are immune to poison.
Your large and strong wings let you fly.
You resist negative energy. (rN+)
You are resistant to electric shocks. (rElec)
You are resistant to unholy torment.
You are immune to petrification.


Message History

The slime creature is almost dead.
The slime creature hits you but does no damage.
You impale the slime creature!! You burn the slime creature.
You kill the slime creature!
You hit the vault warden but do no damage.
You hit the vault warden but do no damage.
The ironbound frostheart calls freezing cold from the walls.
The frost grips you! You resist.
* * * LOW HITPOINT WARNING * * *
You are encased in ice.
You block the vault warden's attack.
You closely miss the vault warden.
The vault warden hits you with a +0 great sword!!
* * * LOW HITPOINT WARNING * * *
[a] - 420 gold - heal wounds, berserk rage, curing and magic [b] - 240 gold - heal wounds and curing [c] - 957 gold - heal wounds, magic, haste and resistance Purchase which effect?
You feel much better.
A red film seems to cover your vision as you go berserk!
You feel yourself moving faster!
You feel mighty!
You feel better. Magic courses through your body.
The ironbound frostheart calls freezing cold from the walls.
The frost grips you!! You resist.
* * * LOW HITPOINT WARNING * * *
The vault warden hits you with a +0 great sword.
* * * LOW HITPOINT WARNING * * *
The entropy weaver points at you and mumbles some strange words.
The entropic weave corrodes you!
You bludgeon the vault warden!! You burn the vault warden!
The vault warden is heavily wounded.
The ice encasing you melts away.
The vault warden hits you with a +0 great sword!
* * * LOW HITPOINT WARNING * * *
You closely miss the vault warden.
The vault warden is heavily wounded.
The ironbound frostheart calls freezing cold from the walls.
The frost grips you! You resist.
You die...
Your body crumbles into a pile of gold.

.[[..[............)))).()..).....
▓▓▓▓▓▓▓▓▓▓▓▓▓▓▓▓▓▓▓▓▓▓▓▓▓▓▓▓▓▓▓▓▓
.................................
▓♣♣♣♣♣♣♣♣♣♣▓▓▓▓▓▓▓▓▓▓▓▓▓▓▓▓▓▓▓▓▓▓
.'.).......'))))))..)')..).....'.
▓♣♣♣♣♣♣♣♣♣♣▓▓▓▓▓▓▓▓▓▓▓▓▓▓▓▓▓▓▓▓▓▓
...............[.................
▓▓▓▓▓▓▓▓▓▓▓▓▓▓▓▓▓▓▓▓▓▓▓▓▓▓▓▓▓▓▓▓▓
)(.........$+$$$@pcppB.p
▓▓▓▓▓▓▓▓▓▓▓▓▓▓▓▓▓▓▓▓▓▓▓▓


You could see an ironbound preserver, 2 vault wardens, a yaktaur captain, an
entropy weaver and an ironbound frostheart.

Vanquished Creatures
  Rupert (D)
  Agnes (D)
  A nagaraja (D)
  2 fire giants (D)
  A frost giant (D)
  A vault warden (D)
  3 stone giants (D)
  A very ugly thing (D)
  An ironbound preserver (D)
  An ironbound thunderhulk (D)
  Azrael (D)
  A dire elephant (D)
  3 ettins (D)
  4 fire dragons (D)
  An entropy weaver (D)
  5 rakshasas (D)
  A great orb of eyes (D)
  A yaktaur captain (D)
  2 ice dragons (D)
  An ogre mage (D)
  A ghost crab (D)
  A hydra (D)
  A centaur warrior (D)
  A catoblepas (D)
  A death knight (D)
  3 boulder beetles (D)
  A two-headed ogre (D)
  A naga warrior (D)
  An orc high priest (D)
  A deep troll earth mage (D)
  A skyshark (D)
  A spriggan (D)
  An orb spider (D)
  2 naga ritualists (D)
  A swamp dragon (D)
  A sea snake (D)
  A skeletal warrior (D)
  8 orc knights (D)
  2 lindwurms (D)
  2 ironbound convokers (D)
  3 wolf spiders (D)
  2 necromancers (D)
  A mana viper (D)
  A manticore (D)
  An ugly thing (D)
  An orc sorcerer (D)
  2 will-o-the-wisps (D)
  A merfolk siren (D)
  An elephant (D)
  A salamander (D)
  2 black mambas (D)
  A naga mage (D)
  2 water nymphs (D)
  A vault sentinel (D)
  A cane toad (D)
  3 komodo dragons (D)
  Psyche (D)
  A tengu conjurer (D)
  2 merfolk (D)
  3 polar bears (D)
  2 hornets (D)
  A meliai (D)
  2 snapping turtles (D)
  A slime creature (D)
  A jumping spider (D)
  3 yaks (D)
  A wyvern (D)
  A water elemental (D)
  Eustachio (D)
  3 fire elementals (D)
  2 redbacks (D)
  2 basilisks (D)
  2 vampire mosquitoes (D)
  4 water moccasins (D)
  A hell hound (D)
  16 orc warriors (D)
  5 black bears (D)
  A wolf (D)
  A kobold brigand (D)
  3 bullfrogs (D)
  A scorpion (D)
  3 orc priests (D)
  2 hounds (D)
  3 orc wizards (D)
  An ufetubus (D)
  7 orcs (D)
  A bat (D)
  An endoplasm (D)
  A quokka (D)
  A frilled lizard (D)
  A kobold (D)
  A rat (D)
172 creatures vanquished.

Vanquished Creatures (others)
  A bunyip (D)
  A hydra (D)
  A centaur warrior (D)
  A goliath frog (D)
  A naga mage (D)
  An efreet (D)
6 creatures vanquished.

Grand Total: 178 creatures vanquished

Notes
Turn   | Place    | Note
-------+----------+-------------------------------------------
     0 | D        | rocky1 the Gargoyle Fighter began the quest for the Orb.
     0 | D        | Reached XP level 1. HP: 14/14 MP: 1/1
   130 | D        | Noticed a scorpion
   130 | D        | Noticed a hound
   130 | D        | Noticed a hound
   138 | D        | Killed a scorpion
   139 | D        | Reached skill level 5 in Fighting
   139 | D        | Reached skill level 5 in Armour
   139 | D        | Reached skill level 5 in Shields
   139 | D        | Reached XP level 2. HP: 16/21 MP: 2/2
   139 | D        | Reached XP level 3. HP: 19/26 MP: 3/3
   139 | D        | Reached XP level 4. HP: 23/31 MP: 4/4
   144 | D        | Reached skill level 5 in Maces & Flails
   148 | D        | Reached skill level 6 in Fighting
   148 | D        | Reached XP level 5. HP: 30/36 MP: 5/5
   172 | D        | Found a snail-covered altar of Cheibriados.
   172 | D        | Found a shadowy altar of Dithmenos.
   172 | D        | Found a white marble altar of Elyvilon.
   172 | D        | Found a blossoming altar of Fedhas.
   172 | D        | Found an opulent altar of Gozag.
   173 | D        | Found a hazy altar of Hepliaklqana.
   174 | D        | Found a viscous altar of Jiyva.
   175 | D        | Found an ancient bone altar of Kikubaaqudgha.
   176 | D        | Found a corrupted altar of Lugonu.
   177 | D        | Found a burning altar of Makhleb.
   178 | D        | Found a sparkling altar of Nemelex Xobeh.
   179 | D        | Found an iron altar of Okawaru.
   180 | D        | Became a worshipper of Gozag Ym Sagoz the Greedy
   181 | D        | Found a stormy altar of Qazlal.
   182 | D        | Found a sacrificial altar of Ru.
   183 | D        | Found a shimmering blue altar of Sif Muna.
   184 | D        | Found a bloodstained altar of Trog.
   185 | D        | Found a hide-covered altar of Uskayaw.
   186 | D        | Found a radiant altar of Vehumet.
   187 | D        | Found an ornate altar of the Wu Jian Council.
   188 | D        | Found a shimmering altar of Xom.
   189 | D        | Found a basalt altar of Yredelemnul.
   190 | D        | Found a glowing silver altar of Zin.
   191 | D        | Found a glowing golden altar of the Shining One.
   209 | D        | Got the +2 morningstar of Lust {flame, rCorr}
   356 | D        | Noticed a two-headed ogre
   356 | D        | Noticed a yak
   356 | D        | Noticed a kobold brigand
   356 | D        | Noticed a vampire mosquito
   356 | D        | Noticed a hornet
   356 | D        | Noticed a yak
   363 | D        | Killed a two-headed ogre
   364 | D        | Reached skill level 8 in Fighting
   364 | D        | Reached XP level 6. HP: 29/45 MP: 6/6
   364 | D        | Reached XP level 7. HP: 32/50 MP: 7/7
   373 | D        | Killed a yak
   374 | D        | Reached skill level 9 in Fighting
   374 | D        | Reached skill level 10 in Maces & Flails
   374 | D        | Reached skill level 10 in Armour
   374 | D        | Reached XP level 8. HP: 28/56 MP: 8/8
   385 | D        | Killed a hornet
   386 | D        | Reached skill level 1 in Stealth
   389 | D        | Killed a yak
   390 | D        | Reached skill level 10 in Fighting
   541 | D        | Noticed an efreet
   541 | D        | Noticed a centaur warrior
   541 | D        | Noticed a seven-headed hydra
   541 | D        | Noticed a centaur warrior
   541 | D        | Noticed a manticore
   541 | D        | Noticed a komodo dragon
   547 | D        | Killed an efreet
   551 | D        | Killed a centaur warrior
   552 | D        | Reached XP level 9. HP: 51/63 MP: 9/9
   553 | D        | Killed a seven-headed hydra
   564 | D        | Killed a centaur warrior
   565 | D        | Reached skill level 11 in Fighting
   569 | D        | Killed a manticore
   572 | D        | Killed a komodo dragon
   573 | D        | Reached XP level 10. HP: 10/70 MP: 10/10
   882 | D        | Noticed a catoblepas
   889 | D        | Noticed an elephant
   901 | D        | Killed a catoblepas
   902 | D        | Reached skill level 15 in Maces & Flails
   917 | D        | Reached skill level 12 in Fighting
   922 | D        | Killed an elephant
  1003 | D        | Noticed a black mamba
  1003 | D        | Noticed a cane toad
  1008 | D        | Killed a black mamba
  1009 | D        | Reached skill level 10 in Stealth
  1013 | D        | Noticed a skyshark
  1021 | D        | Reached skill level 5 in Dodging
  1025 | D        | Killed a cane toad
  1039 | D        | Reached XP level 11. HP: 66/76 MP: 11/11
  1049 | D        | Killed a skyshark
  1218 | D        | Reached skill level 13 in Fighting
  1390 | D        | Reached skill level 10 in Shields
  1482 | D        | Noticed an orc high priest
  1497 | D        | Noticed an orc knight
  1514 | D        | Noticed an orc sorcerer
  1518 | D        | Killed an orc high priest
  1524 | D        | Killed an orc knight
  1525 | D        | Reached skill level 14 in Fighting
  1525 | D        | Reached skill level 1 in Evocations
  1531 | D        | Killed an orc sorcerer
  1845 | D        | Found Juttilao's Jewellery Emporium.
  1845 | D        | Noticed an orc knight
  1845 | D        | Noticed an orc knight
  1851 | D        | Killed an orc knight
  1855 | D        | Found Igixarao's Distillery.
  1864 | D        | Killed an orc knight
  1874 | D        | Found Cety Zeg's Weapon Emporium.
  1884 | D        | Found Korax's Armour Shoppe.
  1886 | D        | Noticed an orc knight
  1887 | D        | Noticed an orc knight
  1889 | D        | Noticed an orc knight
  1890 | D        | Noticed an orc knight
  1901 | D        | Killed an orc knight
  1902 | D        | Reached skill level 15 in Fighting
  1911 | D        | Killed an orc knight
  1918 | D        | Killed an orc knight
  1919 | D        | Reached XP level 12. HP: 47/88 MP: 12/12
  2135 | D        | Bought an amulet of reflection for 300 gold pieces
  2135 | D        | Bought a ring of protection from fire for 250 gold pieces
  2135 | D        | Bought a ring of positive energy for 200 gold pieces
  2149 | D        | Bought a potion of heal wounds for 70 gold pieces
  2149 | D        | Bought 2 potions of might for 112 gold pieces
  2149 | D        | Bought a potion of brilliance for 56 gold pieces
  2149 | D        | Bought a potion of flight for 42 gold pieces
  2149 | D        | Bought a potion of resistance for 140 gold pieces
  2152 | D        | Bought a throwing net for 33 gold pieces
  2165 | D        | Bought a potion of resistance for 170 gold pieces
  2165 | D        | Bought a potion of attraction for 51 gold pieces
  2165 | D        | Bought a potion of mutation for 136 gold pieces
  2165 | D        | Bought a potion of degeneration for 17 gold pieces
  2165 | D        | Bought a potion of lignification for 51 gold pieces
  2165 | D        | Bought a potion of invisibility for 136 gold pieces
  2165 | D        | Bought 2 potions of mutation for 272 gold pieces
  2210 | D        | Noticed Eustachio
  2215 | D        | Killed Eustachio
  2219 | D        | Noticed Psyche
  2231 | D        | Killed Psyche
  2576 | D        | Noticed a death knight
  2576 | D        | Noticed an ogre mage
  2582 | D        | Noticed a boulder beetle
  2583 | D        | Killed a death knight
  2584 | D        | Noticed a boulder beetle
  2589 | D        | Noticed a fire dragon
  2593 | D        | Reached skill level 16 in Fighting
  2602 | D        | Noticed a stone giant
  2604 | D        | Killed an ogre mage
  2605 | D        | Noticed a green very ugly thing
  2606 | D        | Noticed a rakshasa
  2614 | D        | Killed a fire dragon
  2621 | D        | Killed a boulder beetle
  2624 | D        | Noticed an ice dragon
  2628 | D        | Killed a boulder beetle
  2633 | D        | Killed a stone giant
  2634 | D        | Reached skill level 17 in Fighting
  2639 | D        | Killed a rakshasa
  2651 | D        | Killed a green very ugly thing
  2657 | D        | Killed an ice dragon
  2808 | D        | Noticed a boulder beetle
  2811 | D        | Reached XP level 13. HP: 83/97 MP: 13/13
  2827 | D        | Reached skill level 18 in Fighting
  2840 | D        | HP: 4/97 [redback (6)]
  3065 | D        | Noticed a bunyip
  3078 | D        | Killed a bunyip
  3086 | D        | Reached skill level 19 in Fighting
  3127 | D        | Noticed a nagaraja
  3134 | D        | Reached skill level 15 in Armour
  3155 | D        | Killed a nagaraja
  3175 | D        | Reached skill level 20 in Fighting
  3600 | D        | Noticed Azrael
  3624 | D        | Killed Azrael
  3782 | D        | Noticed Agnes
  3784 | D        | Noticed Rupert
  3819 | D        | Killed Agnes
  3820 | D        | Reached skill level 21 in Fighting
  4061 | D        | Paralysed by Rupert for 4 turns
  4074 | D        | Killed Rupert
  4214 | D        | Noticed an ettin
  4214 | D        | Noticed an ettin
  4214 | D        | Noticed a stone giant
  4214 | D        | Noticed an ice dragon
  4215 | D        | Noticed a rakshasa
  4223 | D        | Killed an ettin
  4224 | D        | Noticed a fire dragon
  4227 | D        | Killed a stone giant
  4228 | D        | Gained mutation: Your large and strong wings let you fly.
                  | [Gargoyle growth]
  4228 | D        | Reached XP level 14. HP: 62/111 MP: 14/14
  4228 | D        | Noticed a fire giant
  4238 | D        | Reached skill level 22 in Fighting
  4238 | D        | Noticed a fire giant
  4248 | D        | Noticed a stone giant
  4277 | D        | Killed a fire giant
  4278 | D        | Reached skill level 15 in Shields
  4285 | D        | Noticed a frost giant
  4287 | D        | HP: 5/112 [fire giant/+0 great sword of flaming (1)]
  4290 | D        | Killed a fire giant
  4291 | D        | Reached skill level 23 in Fighting
  4295 | D        | Killed a stone giant
  4811 | D        | Killed a frost giant
  4951 | D        | Reached skill level 24 in Fighting
  5004 | D        | Noticed a dire elephant
  5004 | D        | Noticed an ironbound preserver
  5010 | D        | Killed a dire elephant
  5010 | D        | Noticed an ironbound thunderhulk
  5033 | D        | Killed an ironbound thunderhulk
  5036 | D        | Killed an ironbound preserver
  5047 | D        | Noticed a vault warden
  5066 | D        | Noticed a vault warden
  5068 | D        | Reached skill level 25 in Fighting
  5077 | D        | Noticed a vault warden
  5078 | D        | Noticed an ironbound preserver
  5082 | D        | Killed a vault warden
  5093 | D        | HP: 2/118 [vault warden/+0 great sword (24)]
  5096 | D        | Killed from afar by an ironbound frostheart

Illustrated notes

Levels and vault maps discovered:
D:        linesprint [early_d, line_temple, items_1, d_10, items_2, lair_1,
          lair_end, items_3, orc_1, orc_end, items_4, d_15, swamp_1, shoals_1,
          snake_1, spider_1, d_20, vaults_1, items_5, swamp_end, shoals_end,
          snake_end, spider_end, vaults_end, d_27, items_6, zot_1, zot_end,
          crypt_end, forest_end, elf_end, slime_end, tomb_end, abyss_end,
          pan_hell_end]

Skill      XL: |  1  2  3  4  5  6  7  8  9 10 11 12 13 14 |
---------------+-------------------------------------------+-----
Fighting       | 5 6 8 9 10 11 12 15 17 21 25 | 25.4
Maces & Flails | 4 5 9 10 12 14 16 18 19 21 22 | 22.3
Armour         | 5 6 9 10 11 12 14 15 16 | 16.4
Shields        | 5 8 9 10 12 14 16 | 16.2
Dodging        | 2 3 4 5 6 7 8 9 |  9.4
Stealth        | 4 7 10 11 | 11.7
Evocations     | 3 4 |  4.4

Action                     |  1- 3 |  4- 6 |  7- 9 | 10-12 | 13-15 || total
---------------------------+-------+-------+-------+-------+-------++-------
  Melee: Flail             |    28 |    13 |       |       |       ||    41
         Morningstar       |       |     5 |    50 |   313 |   435 ||   803
  Throw: Throwing net      |       |       |       |       |     1 ||     1
 Invoke: Potion Petition   |       |       |       |     4 |     7 ||    11
         Call Merchant     |       |       |       |     3 |     1 ||     4
  Evoke: Wand              |       |       |       |    10 |       ||    10
    Use: Potion            |       |     2 |     2 |     5 |     7 ||    16
         Scroll            |       |       |       |       |     3 ||     3
   Stab: Invisible         |       |       |     3 |       |       ||     3
         Distracted        |       |       |     2 |     3 |     4 ||     9
         Sleeping          |       |       |     1 |     2 |     1 ||     4
         Petrified         |       |       |       |     6 |       ||     6
 Armour: Scale mail        |    17 |     9 |       |    22 |   124 ||   172
         Ring mail         |       |     1 |    18 |    36 |       ||    55
         Plate armour      |       |       |       |    13 |       ||    13
         Skin              |       |       |       |    13 |       ||    13
  Dodge: Dodged            |    11 |     7 |    26 |    61 |   121 ||   226
  Block: Buckler           |     7 |     2 |     8 |    53 |   122 ||   192
         Reflection        |       |       |       |     1 |     2 ||     3
         Tower shield      |       |       |       |       |    65 ||    65

Table legend: (Time is in decaauts)
 A = Elapsed time spent in this place.
 B = Non-inter-level travel time spent in this place.
 C = Inter-level travel time spent in this place.
 D = Time resting spent in this place.
 E = Time spent auto-exploring this place.
 F = Levels seen in this place.
 G = Mean time per level.
                   A        B        C        D        E       F      G
               +--------+--------+--------+--------+--------+-----+--------+
         Total |   4822 |   4822 |      0 |   2614 |      0 |   1 | 4822.0 |
       Dungeon |   4822 |   4822 |      0 |   2614 |      0 |   1 | 4822.0 |
               +--------+--------+--------+--------+--------+-----+--------+

Top non-repeatable levels by time:
       D: 4822 daAuts
